 Dungeon Crawl Stone Soup version 0.24.1-14-gf8d2b509d9 (webtiles) character file.

Game seed: 9057568986945012754, levelgen mode: deterministic

37 Gildeon the Insei (level 3, 0/29 HPs)
             Began as a Draconian Transmuter on June 7, 2020.
             Slain by a hobgoblin
             ... wielding a +0 club
              (4 damage)
             ... on level 2 of the Dungeon.
             The game lasted 00:03:54 (1195 turns).

Gildeon the Insei (Draconian Transmuter)            Turns: 1195, Time: 00:03:55

Health: 0/29       AC:  5    Str: 12    XL:     3   Next: 21%
Magic:  5/6        EV: 12    Int: 13    God:
Gold:   37         SH:  0    Dex: 12    Spells: 5/6 levels left

rFire    . . .     SeeInvis .     - Unarmed
rCold    . . .     Gourm    .   (no shield)
rNeg     . . .     Faith    .   (armour unavailable)
rPois    .         Spirit   .   (helmet restricted)
rElec    .         Reflect  .   (no cloak)
rCorr    .         Harm     .   (no gloves)
MR       .....                  (no boots)
Stlth    +.........             (no amulet)
HPRegen  0.09/turn              (no ring)
MPRegen  0.10/turn              (no ring)

@: appendage (expiring)
A: unfitting armour, horns 2, cold-blooded, AC +5
a: End Transformation


You were on level 2 of the Dungeon.
You were not hungry.
You had grown temporary horns.
You visited 1 branch of the dungeon, and saw 2 of its levels.

You collected 37 gold pieces.

Inventory:

Scrolls
 a - a scroll of amnesia {unknown}
 d - a scroll of teleportation {unknown}
 e - a scroll of fog {unknown}
Comestibles
 c - 2 rations
 f - 6 chunks of flesh


   Skills:
 + Level 1.7 Fighting
 + Level 2.1 Dodging
 + Level 3.2 Unarmed Combat
 + Level 2.3 Spellcasting
 + Level 2.4 Transmutations


You had 5 spell levels left.
You knew the following spells:

 Your Spells              Type           Power        Failure   Level  Hunger
a - Beastly Appendage     Tmut           #.....       9%          1    #......

Your spell library contained the following spells:

 Spells                   Type           Power        Failure   Level  Hunger
 Sticks to Snakes         Tmut           #.......     14%         2    ###....
 Spider Form              Tmut/Pois      #.........   41%         3    ###....
 Ice Form                 Ice/Tmut       #.......     83%         4    #####..
 Blade Hands              Tmut           #.........   94%         5    ######.


Dungeon Overview and Level Annotations

Branches:
Dungeon (2/15)

Altars:


Innate Abilities, Weirdness & Mutations

Your plain brown scales are hard. (AC +5)
You cannot fit into any form of body armour.
You are cold-blooded and may be slowed by cold attacks.
You have a pair of horns on your head.


Message History

* * * LOW HITPOINT WARNING * * *
You feel sick.
You are no longer poisoned.
Okay, then.
You start resting.
A hobgoblin comes into view. It is wielding a +0 club.
Casting: Beastly Appendage (safe; 9% risk of failure)
Confirm with . or Enter, or press ? or * to list all spells.
You grow a pair of large bovine horns.
You hit the hobgoblin but do no damage.
The hobgoblin hits you but does no damage.
You barely miss the hobgoblin.
You headbutt the hobgoblin, but do no damage.
The hobgoblin hits you but does no damage.
You barely miss the hobgoblin. Your headbutt misses the hobgoblin.
Your tail-slap misses the hobgoblin.
Your transformation is almost over.
The hobgoblin hits you but does no damage.
You barely miss the hobgoblin. The hobgoblin hits you with a +0 club.
You die...

... ..# #.# #.#
#... #.# #.##.#
#.#######.#####
#....#
#........<....###
#..# #
.##..#..........
#.l#
...###..#.#####....
#..# ..........#
#####
#..########..###
#...÷.g@.....#
##.########.##
#.########.#
#...÷......#
############


You could see a hobgoblin.

Vanquished Creatures
  An adder (D:2)
  7 bats
  2 giant cockroaches
  5 goblins (D:1)
  2 hobgoblins (D:1)
  A ball python (D:2)
  2 frilled lizards
  4 kobolds
  2 rats
26 creatures vanquished.

Notes
Turn   | Place    | Note
-------+----------+-------------------------------------------
     0 | D:1      | Gildeon the Draconian Transmuter began the quest for the
                  | Orb.
     0 | D:1      | Reached XP level 1. HP: 16/16 MP: 3/3
   106 | D:1      | Reached XP level 2. HP: 23/23 MP: 1/5
  1136 | D:2      | Reached XP level 3. HP: 8/29 MP: 6/6
  1160 | D:2      | HP: 1/29 [poisoned by an adder]
  1195 | D:2      | Slain by a hobgoblin

Levels and vault maps discovered:
D:1:      dpeg_arrival_solitude, layout_basic
D:2:      layout_loops_ring, zin_statuary, minmay_pentomino_s4

Skill      XL: |  1  2 |
---------------+-------+-----
Dodging        | 2 |  2.1
Fighting       | |  1.7
Unarmed Combat | |  3.2
Spellcasting   | |  2.3
Transmutations | |  2.4

Action                   || total
-------------------------++-------
Melee: Unarmed           ||    87
       Headbutt          ||     2
       Tailslap          ||     5
 Cast: Beastly Appendage ||     5
  Use: Potion            ||     1
  Eat: Chunk             ||     1
Armor: Skin              ||    45
Dodge: Dodged            ||    77
